 Dungeon Crawl Stone Soup version 0.31.0-32-g396128a36d (webtiles) character file.

Game seed: 10602595499564473340

174 hawla the Carver (level 5, -5/42 HPs)
             Began as a Minotaur Gladiator on Apr 12, 2024.
             Slain by Duvessa
             ... wielding a +0 short sword
              (11 damage)
             ... on level 4 of the Dungeon.
             The game lasted 00:05:18 (2180 turns).

hawla the Carver (Minotaur Gladiator)               Turns: 2180, Time: 00:05:19

Health: -5/42      AC: 10    Str: 23    XL:     5   Next: 28%
Magic:  4/4        EV: 12    Int:  4    God:
Gold:   128        SH:  0    Dex: 12    Spells: 4/4 levels left

rFire   . . .        a - +1 long sword
rCold   . . .        (no shield)
rNeg    + . .        k - +0 plate armour
rPois   .            c - +0 hat
rElec   .            (no cloak)
rCorr   .            (no gloves)
SInv    .            (no boots)
Will    .....        (no amulet) Stlth
                     p - +5 ring of evasion
HPRegen 0.27/turn    q - ring of positive energy
MPRegen 0.09/turn

%: no passive effects
@: weak-willed, studying Long Blades
A: horns 2, retaliatory headbutt, strong 1, subdued magic 1
a: no special abilities


You were on level 4 of the Dungeon.
You visited 1 branch of the dungeon, and saw 4 of its levels.

You collected 236 gold pieces.
You spent 108 gold pieces at shops.

Inventory:

Hand Weapons
 a - a +1 long sword (weapon)
Missiles
 d - 3 throwing nets (quivered)
 e - a javelin
 h - 11 poisoned darts
Armour
 c - a +0 hat (worn)
 k - a +0 plate armour (worn)
Jewellery
 p - a +5 ring of evasion (left hand)
 q - a ring of positive energy (right hand)
Scrolls
 g - a scroll of fog
 l - 2 scrolls of revelation {unknown}
 m - 3 scrolls of identify
 s - a scroll of fear
 u - a scroll of enchant armour {unknown}
Potions
 o - a potion of resistance {unknown}
 t - a potion of invisibility {unknown}


   Skills:
 - Level 2.4 Fighting
 + Level 9.0 Long Blades
 - Level 2.0 Throwing
 - Level 3.2 Dodging


You had 4 spell levels left.
You didn't know any spells.
Your spell library was empty.

Dungeon Overview and Level Annotations

Branches:
Dungeon (4/15)
 Temple: D:4-7

Altars:

Shops:
D:1 [   D:2 !   D:3 ?((

Annotations:
D:4 Duvessa


Innate Abilities, Weirdness & Mutations

You have a pair of horns on your head.
You reflexively headbutt those who attack you in melee.
Your muscles are strong. (Str +4, Int/Dex -1)
Your spells are a little easier to cast, but a little less powerful.


Message History

Duvessa hits you with a +0 short sword. x2
Your Long Blades skill increases to level 9!
As you read the scroll of teleportation, it crumbles to dust.
You feel strangely unstable. Duvessa completely misses you.
Duvessa rages.
Your surroundings suddenly seem different.
Found 6 gold pieces.
Found an escape hatch in the ceiling.
You now have 128 gold pieces (gained 6).
There is an escape hatch in the ceiling here.
Okay, then.
You aren't carrying any items that you can evoke.
It was a potion of mutation.
You feel extremely strange.
You feel stronger.
Your connection to magic feels subdued.
It was a potion of heal wounds.
You feel much better. Duvessa barely misses you. x2
You hit Duvessa.
Duvessa is lightly wounded.
Duvessa hits you but does no damage.
You hit Duvessa.
Duvessa is moderately wounded.
Duvessa hits you with a +0 short sword! x2
You closely miss Duvessa. You headbutt Duvessa!
Duvessa is moderately wounded.
Duvessa hits you with a +0 short sword!
* * * LOW HITPOINT WARNING * * *
Okay, then.
As you read the scroll labelled YNIG VISESAT, it crumbles to dust.
It is a scroll of enchant weapon.
Your +0 long sword glows red for a moment.
Duvessa closely misses you. Duvessa misses you. You furiously retaliate!
You headbutt Duvessa.
The air fills with toxic fumes!
As you read the scroll labelled RUASEG KORPHIUL, it crumbles to dust.
It was a scroll of poison.
Duvessa barely misses you. You furiously retaliate!
You headbutt Duvessa.
As you read the scroll labelled UPPIAZXUIJ, it crumbles to dust.
A wave of despondency washes over your surroundings.
It was a scroll of vulnerability.
Duvessa misses you. Duvessa hits you with a +0 short sword!
You die...

#.# #.### #§§#§§
########.#.## #§§§§
#...........# #§§§#
##>######....###§§§#
...######.###.##§§§#
..........# #..#§§§#
#########.###..#§§§#####.#
###...###....#.#@§§§§§§§.#
.............#.##e§#####
..#...####...#.##§§# ###
#.........#§§#
#...e......§§#
#..)).....##§#
###.........§#
#.....###.§# #.....# #..#


You could see Duvessa (berserk, weak-willed).

Vanquished Creatures
  Dowan (D:4)
  6 adders
  An orc (D:3)
  7 endoplasms
  3 giant cockroaches
  8 goblins
  5 hobgoblins
  5 jackals
  11 kobolds
  4 quokkas
  5 ball pythons
  8 bats
  A frilled lizard (D:2)
  3 rats
68 creatures vanquished.

Notes
Turn   | Place    | Note
-------+----------+-------------------------------------------
     0 | D:1      | hawla the Minotaur Gladiator began the quest for the Orb.
     0 | D:1      | Reached XP level 1. HP: 18/18 MP: 0/0
   150 | D:1      | Reached skill level 4 in Long Blades
   268 | D:1      | Reached XP level 2. HP: 25/25 MP: 1/1
   565 | D:1      | Found Qodiur's Antique Armour Boutique.
   765 | D:1      | Found a faded altar of an unknown god.
   897 | D:2      | Reached skill level 5 in Long Blades
   897 | D:2      | Reached XP level 3. HP: 29/30 MP: 2/2
   904 | D:2      | Identified a scroll of acquirement
   904 | D:2      | Acquired a manual of Long Blades
   931 | D:2      | Reached skill level 6 in Long Blades
  1066 | D:2      | Found Hoebleeh's Distillery.
  1126 | D:2      | Reached XP level 4. HP: 37/37 MP: 3/3
  1343 | D:3      | Reached skill level 7 in Long Blades
  1561 | D:3      | Found Butah's Magic Scroll Emporium.
  1566 | D:3      | Bought a scroll of identify for 24 gold pieces
  1566 | D:3      | Bought a scroll of teleportation for 36 gold pieces
  1566 | D:3      | Bought a scroll of fear for 48 gold pieces
  1599 | D:3      | Found Quilouhe's Weapon Emporium.
  1646 | D:3      | Found Femoll's Antique Weapon Shoppe.
  1900 | D:3      | Reached skill level 8 in Long Blades
  2149 | D:4      | Noticed Dowan
  2151 | D:4      | Noticed Duvessa
  2158 | D:4      | Killed Dowan
  2159 | D:4      | Reached XP level 5. HP: 34/42 MP: 4/4
  2162 | D:4      | Reached skill level 9 in Long Blades
  2173 | D:4      | Gained mutation: Your muscles are strong. (Str +4, Int/Dex
                  | -1) [potion of mutation]
  2173 | D:4      | Gained mutation: Your spells are a little easier to cast,
                  | but a little less powerful. [potion of mutation]
  2180 | D:4      | Slain by Duvessa

Illustrated notes

Levels and vault maps discovered:
D:1:      dpeg_arrival_rooms_b, layout_basic, serial_shops, shop,
          shapermc_ecumenical_altar_petra
D:2:      layout_rooms, serial_shops, shop
D:3:      minmay_inner_zag, layout_loops_cross, serial_shops,
          nicolae_shop_tiny_waterfront, nicolae_shop_bloodbath_and_beyond, shop,
          kennysheep_generic_room_16
D:4:      layout_loops_ring, uniq_sigmund, uniq_menkaure, uniq_duvessa

Skill      XL: |  1  2  3  4  5 |
---------------+----------------+-----
Long Blades    | 4 5 6 8 9 |  9.0
Fighting       | |  2.4
Throwing       | |  2.0
Dodging        | |  3.2

Action                     |  1- 3 |  4- 6 || total
---------------------------+-------+-------++-------
  Melee: Long sword        |    90 |    76 ||   166
         Headbutt          |     8 |    16 ||    24
    Use: Scroll            |     4 |     4 ||     8
         Potion            |       |     2 ||     2
   Stab: Sleeping          |     1 |       ||     1
 Armour: Leather armour    |    16 |       ||    16
         Plate armour      |    55 |    67 ||   122
  Dodge: Dodged            |    38 |    43 ||    81
